 Dungeon Sprint DCSS version 0.27-a0-732-ga892ba84f6 (webtiles) character file.

Game seed: 9627692033170455175

302 Gunch the Grappler (level 6, -2/66 HPs)
             Began as a Troll Hunter on Mar 23, 2021.
             Slain by a slime creature (9 damage)
             ... in the Dungeon (Sprint I: "Red Sonja").
             The game lasted 00:00:45 (96 turns).

Gunch the Grappler (Troll Hunter)                     Turns: 96, Time: 00:00:46

Health: -2/66      AC:  4    Str: 23    XL:     6   Next: 14%
Magic:  5/5        EV: 11    Int:  7    God:
Gold:   108        SH:  0    Dex: 10    Spells: 5/5 levels left

rFire    . . .     SeeInvis .     - Unarmed
rCold    . . .     Faith    .   (no shield)
rNeg     . . .     Spirit   .   b - +0 robe
rPois    .         Reflect  .   (helmet restricted)
rElec    .         Harm     .   (no cloak)
rCorr    .         Rampage  .   (gloves unavailable)
Will     .....     NoTele   +   (boots unavailable)
Stlth    +.........             (no amulet)
HPRegen  1.21/turn              (no ring)
MPRegen  0.09/turn              (no ring)

@: no status effects
A: large, unfitting armour, claws 3, regeneration 1, shaggy fur 1, tough skin 1
a: no special abilities


You were in the Dungeon.
You visited 1 branch You collected 108 gold pieces.

Inventory:

Missiles
 c - 4 large rocks (quivered)
 d - 2 throwing nets
Armour
 b - a +0 robe (worn)
Scrolls
 j - a scroll of blinking
Potions
 a - a potion of ambrosia {unknown}
 e - a potion of curing
 f - a potion of cancellation {unknown}
 g - a potion of haste
 h - 2 potions of magic
 i - a potion of berserk rage
 k - a potion of resistance {unknown}


   Skills:
 + Level 5.0 Fighting
 + Level 6.4 Throwing
 + Level 5.0 Dodging
 - Level 0.3 Stealth
 * Level 8.1 Unarmed Combat


You had 5 spell levels left.
You didn't know any spells.
Your spell library was empty.

Dungeon Overview and Level Annotations

Branches:
Dungeon (1/1)

Altars:
Makhleb
Sif Muna
Vehumet
Wu Jian
Xom
Jiyva
Lugonu


Innate Abilities, Weirdness & Mutations

You are too large for most types of armour.
You have claws for hands.
Your natural rate of healing is unusually fast.
You are covered in fur. (AC +1)
You have tough skin. (AC +1)


Message History

The jelly is almost dead.
The jelly barely misses you.
You scratch the jelly.
You kill the jelly!
Your Fighting skill increases to level 5!
Your Dodging skill increases to level 5!
Your Unarmed Combat skill increases to level 8!
No target in view!
No target in view!
You see here a +0 ring mail.
c - 5 large rocks (gained 1)
There are no items here.
You see here a +0 ring mail.
There is an open door here.
You open the door.
A slime creature comes into view.
An arrow hits the slime creature!
Found four altars.
The slime creature jiggles.
The slime creature hits you!!
There is an open door, spattered with blood here.
You barely miss the slime creature.
The slime creature is lightly wounded.
The slime creature hits you!
You claw the slime creature!
The slime creature is moderately wounded.
You scratch the slime creature. You claw the slime creature!
The slime creature is heavily wounded.
The slime creature hits you!
Throw: 5 large rocks
Press: ? - help, Q - select action, (/) - cycle Shift-Dir - straight line, f - slime creature
Aim: a slime creature (heavily wounded, 83% to hit)
You throw a large rock. The large rock hits the slime creature!
The slime creature is severely wounded.
You are no longer corroded.
The slime creature hits you!!
* * * LOW HITPOINT WARNING * * *
The slime creature jiggles.
The slime creature hits you!
You die...

###################
#<.#..'..#..'..#__#
#..').#..').#..@J.+
#..#####+#####'#__#
#..# #.#### #..#
##[# #..# #+#_.+
#⌠⌠# +..._# ####
#_.#+# ##+#


You could see a slime creature.

Vanquished Creatures
  Sigmund (D)
  An ogre (D)
  A jelly (D)
  Ijyb (D)
4 creatures vanquished.

Notes
Turn   | Place    | Note
-------+----------+-------------------------------------------
     0 | D        | Gunch the Troll Hunter began the quest for the Orb.
     0 | D        | Reached XP level 1. HP: 19/19 MP: 0/0
     1 | D        | Noticed Ijyb
     2 | D        | Killed Ijyb
     3 | D        | Reached skill level 3 in Unarmed Combat
     3 | D        | Reached XP level 2. HP: 29/29 MP: 1/1
     8 | D        | Noticed an ogre
     9 | D        | HP: 1/29 [ogre/+0 giant club (28)]
    14 | D        | Killed an ogre
    15 | D        | Reached skill level 5 in Throwing
    15 | D        | Reached skill level 5 in Unarmed Combat
    15 | D        | Reached XP level 3. HP: 39/39 MP: 2/2
    15 | D        | Reached XP level 4. HP: 48/48 MP: 3/3
    22 | D        | Noticed Sigmund
    31 | D        | Killed Sigmund
    32 | D        | Reached skill level 7 in Unarmed Combat
    32 | D        | Reached XP level 5. HP: 30/55 MP: 4/4
    32 | D        | Reached XP level 6. HP: 36/65 MP: 5/5
    73 | D        | Found an ornate altar of the Wu Jian Council.
    73 | D        | Found a shimmering blue altar of Sif Muna.
    75 | D        | Found a radiant altar of Vehumet.
    80 | D        | Reached skill level 5 in Fighting
    80 | D        | Reached skill level 5 in Dodging
    80 | D        | Reached skill level 8 in Unarmed Combat
    91 | D        | Found a burning altar of Makhleb.
    91 | D        | Found a viscous altar of Jiyva.
    91 | D        | Found a shimmering altar of Xom.
    91 | D        | Found a corrupted altar of Lugonu.
    91 | D        | Noticed a slime creature
    96 | D        | Slain by a slime creature

Illustrated notes

Levels and vault maps discovered:
D:        dungeon_sprint_1 [red_sonja_temple_1, red_sonja_temple_small_1]

Skill      XL: |  1  2  3  4  5  6 |
---------------+-------------------+-----
Fighting       | 2 3 4 5 |  5.0
Throwing       | 4 5 6 |  6.4
Dodging        | 2 3 4 5 |  5.0
Unarmed Combat | 3 5 7 8 |  8.1
Stealth        | |  0.3

Action                   |  1- 3 |  4- 6 || total
-------------------------+-------+-------++-------
Melee: Unarmed           |       |     8 ||     8
       Punch             |       |     1 ||     1
Throw: Large rock        |     4 |     7 ||    11
  Use: Potion            |     1 |       ||     1
Armor: Robe              |       |     2 ||     2
Dodge: Dodged            |     1 |     2 ||     3

Table legend: (Time is in decaauts)
 A = Elapsed time spent in this place.
 B = Non-inter-level travel time spent in this place.
 C = Inter-level travel time spent in this place.
 D = Time resting spent in this place.
 E = Time spent auto-exploring this place.
 F = Levels seen in this place.
 G = Mean time per level.
                   A        B        C        D        E       F      G
               +--------+--------+--------+--------+--------+-----+--------+
         Total |    102 |    102 |      0 |      0 |     46 |   1 |  102.0 |
       Dungeon |    102 |    102 |      0 |      0 |     46 |   1 |  102.0 |
               +--------+--------+--------+--------+--------+-----+--------+

Top non-repeatable levels by time:
       D: 102 daAuts
